 Dungeon Crawl Stone Soup version 0.28-a0-1038-g9c4cb8273d (webtiles) character file.

Game seed: 3276762187466748310

28 blank1 the Shield-Bearer (level 3, -3/33 HPs)
             Began as a Minotaur Fighter on Dec 9, 2021.
             Killed by divine providence
             ... invoked by an orc priest
              (14 damage)
             ... on level 2 of the Dungeon.
             The game lasted 00:02:06 (1062 turns).

blank1 the Shield-Bearer (Minotaur Fighter)         Turns: 1062, Time: 00:02:07

Health: -3/33      AC:  7    Str: 22    XL:     3   Next: 0%
Magic:  2/2        EV: 10    Int:  5    God:
Gold:   50         SH:  4    Dex:  9    Spells: 2/2 levels left

rFire   . . .      SeeInvis .   a - +0 flail
rCold   . . .      Faith    .   c - +0 buckler
rNeg    . . .      Spirit   .   b - +0 scale mail
rPois   .          Reflect  .   (helmet restricted)
rElec   .          Harm     .   (no cloak)
rCorr   .          Rampage  .   (no gloves)
Will    .....                   (no boots)
Stlth   ..........              (no amulet)
HPRegen 0.11/turn               (no ring)
MPRegen 0.08/turn               (no ring)

@: no status effects
A: horns 2, retaliatory headbutt
a: no special abilities


You were on level 2 of the Dungeon.
You visited 1 branch of the dungeon, and saw 2 of its levels.

You collected 50 gold pieces.

Inventory:

Hand Weapons
 a - a +0 flail (weapon)
Armour
 b - a +0 scale mail (worn)
 c - a +0 buckler (worn)
Scrolls
 e - a scroll of identify {unknown}
 f - 2 scrolls of magic mapping {unknown}
 g - a scroll of noise {unknown}
Potions
 d - a potion of might
 h - a potion of resistance {unknown}


   Skills:
 + Level 3.9 Fighting
 + Level 2.9 Maces & Flails
 + Level 3.9 Armour
 + Level 1.1 Dodging
 - Level 4.0 Shields


You had 2 spell levels left.
You didn't know any spells.
Your spell library was empty.

Dungeon Overview and Level Annotations

Branches:
Dungeon (2/15)

Altars:


Innate Abilities, Weirdness & Mutations

You have a pair of horns on your head.
You reflexively headbutt those who attack you in melee.


Message History

There is a stone staircase leading up here.
The orc hits you but does no damage. The orc hits you but does no damage.
You hit the orc but do no damage. You block the orc's attack.
You hit the orc.
The orc is lightly wounded.
You block the orc's attack. The orc closely misses you.
You barely miss the orc.
The orc is lightly wounded.
The orc barely misses you.
You barely miss the orc. Your headbutt misses the orc.
The orc is lightly wounded.
The orc hits you but does no damage.
You barely miss the orc.
The orc is lightly wounded.
The orc barely misses you. The orc misses you.
You sock the orc!
You kill the orc!
The orc priest invokes the aid of Beogh against you.
Beogh smites you!
You have reached level 3!
Your experience leads to an increase in your attributes!
Increase (S)trength, (I)ntelligence, or (D)exterity?
You feel stronger. x2
You sock the orc priest!
The orc priest is severely wounded.
You block the orc priest's attack.
You hit the orc priest.
The orc priest is almost dead.
The orc priest hits you but does no damage.
You barely miss the orc priest.
The orc priest is almost dead.
The orc priest hits you with a +0 short sword.
You closely miss the orc priest. Your headbutt misses the orc priest.
The orc priest is almost dead.
The orc priest mumbles some strange prayers to Beogh against you.
Beogh smites you!
The orc priest mumbles some strange prayers to Beogh against you.
Beogh smites you!
You die...

#o#.##.# #####
#.#.##.# #.###...#
#.#.##.#
.......#####.#.##.#
#.........#.##.#
##o.#######.##.# #..#
#.##.# #######..#
#####.##.# .........#
#..o@.<..# #######†##
#.######.#
######.####.# #>#
.............#### #.#
#######.........###.#
#########.....#
#######


You could see an orc priest.

Vanquished Creatures
  A gnoll (D:1)
  A worm (D:2)
  2 orcs (D:2)
  2 endoplasms (D:1)
  A giant cockroach (D:1)
  3 quokkas
  A frilled lizard (D:1)
  A goblin (D:1)
  2 rats (D:1)
14 creatures vanquished.

Vanquished Creatures (others)
  4 plants (D:1)
4 creatures vanquished.

Grand Total: 18 creatures vanquished

Notes
Turn   | Place    | Note
-------+----------+-------------------------------------------
     0 | D:1      | blank1 the Minotaur Fighter began the quest for the Orb.
     0 | D:1      | Reached XP level 1. HP: 19/19 MP: 0/0
   213 | D:1      | Reached XP level 2. HP: 18/27 MP: 1/1
   514 | D:1      | Found a faded altar of an unknown god.
   758 | D:2      | Reached skill level 1 in Dodging
   788 | D:2      | Reached skill level 4 in Shields
  1059 | D:2      | Reached XP level 3. HP: 22/33 MP: 2/2
  1062 | D:2      | Killed from afar by an orc priest

Illustrated notes

Levels and vault maps discovered:
D:1:      lightli_arrival_isolated_outpost, layout_loops_ring,
          chequers_ecumenical_altar_twisty, nicolae_grassy_gnolls
D:2:      layout_loops_ring

Skill      XL: |  1  2 |
---------------+-------+-----
Dodging        | 1 |  1.1
Shields        | 4 |  4.0
Fighting       | |  3.9
Maces & Flails | |  2.9
Armour         | |  3.9

Action                   || total
-------------------------++-------
Melee: Flail             ||    46
       Headbutt          ||     6
Armor: Scale mail        ||    16
Dodge: Dodged            ||    23
Block: Buckler           ||    17

Table legend: (Time is in decaauts)
 A = Elapsed time spent in this place.
 B = Non-inter-level travel time spent in this place.
 C = Inter-level travel time spent in this place.
 D = Time resting spent in this place.
 E = Time spent auto-exploring this place.
 F = Levels seen in this place.
 G = Mean time per level.
                   A        B        C        D        E       F      G
               +--------+--------+--------+--------+--------+-----+--------+
         Total |   1083 |   1059 |     24 |    230 |    679 |   2 |  541.5 |
       Dungeon |   1083 |   1059 |     24 |    230 |    679 |   2 |  541.5 |
               +--------+--------+--------+--------+--------+-----+--------+

Top non-repeatable levels by time:
     D:1: 976 daAuts
     D:2: 106 daAuts
